 Dungeon Crawl Stone Soup version 0.25-a0-576-g50b708a4c4 (webtiles) character file.

Game seed: 1225305893873279312, levelgen mode: deterministic

22414 Flugslaktarn the Cleaver (level 12, -12/118 HPs)
             Began as a Deep Dwarf Fighter on Mar 1, 2020.
             Was an Elder of Makhleb.
             Mangled by a sun demon (16 damage)
             ... in a volcano.
             The game lasted 00:05:31 (7011 turns).

Flugslaktarn the Cleaver (Deep Dwarf Fighter)       Turns: 7011, Time: 00:05:32

Health: -12/118    AC: 18    Str: 25    XL:     12   Next: 62%
Magic:  15/15      EV:  7    Int: 11    God:    Makhleb [****..]
Gold:   669        SH: 12    Dex: 12    Spells: 11/11 levels left

rFire    . . .     SeeInvis +   F - +2 war axe "Jellybane" {elec, rC+ MR+ Stlth+}
rCold    + . .     Gourm    .   c - +0 kite shield
rNeg     . . .     Faith    .   g - +4 chain mail
rPois    .         Spirit   .   (helmet restricted)
rElec    .         Reflect  .   o - +0 cloak
rCorr    .         Harm     .   (no gloves)
MR       ++...                  (no boots)
Stlth    ..........             (no amulet)
HPRegen  0.00/turn              (no ring)
MPRegen  0.14/turn              i - ring of see invisible

@: non-regenerating
A: damage resistance, heal wounds, hooves 1, horns 1, rugged brown scales 1,
clever 1, sense surroundings 2, no regeneration
a: Heal Wounds, Minor Destruction, Lesser Servant of Makhleb, Major Destruction,
Renounce Religion


You were in a volcano.
You worshipped Makhleb.
Makhleb was greatly pleased with you.
You were not hungry.

You visited 3 branches of the dungeon, and saw 13 of its levels.
You also visited: Volcano.

You collected 669 gold pieces.

Inventory:

Hand Weapons
 a - a +0 war axe
 F - the +2 war axe "Jellybane" (weapon) {elec, rC+ MR+ Stlth+}
   (You found it on level 4 of the Dungeon)

   Occasionally, upon striking a foe, it will discharge some electrical energy
   and cause terrible harm.
   It protects you from cold.
   It affects your resistance to hostile enchantments.
   It makes you more stealthy.
 L - a +1 battleaxe of electrocution
   (You took it off an orc warrior on level 9 of the Dungeon)
Missiles
 H - 2 throwing nets (quivered)
Armour
 c - a +0 kite shield (worn)
 f - a +2 helmet
   (You found it on level 1 of the Dungeon)
 g - a +4 chain mail (worn)
   (You found it on level 5 of the Dungeon)
 l - a +0 plate armour
   (You found it on level 3 of the Dungeon)
 o - a +0 cloak (worn)
   (You found it on level 6 of the Dungeon)
Jewellery
 i - a ring of see invisible (right hand)
   (You found it on level 6 of the Dungeon)
Wands
 h - a wand of paralysis (9)
   (You found it on level 2 of the Dungeon)
 D - a wand of enslavement (11)
   (You found it on level 6 of the Dungeon)
 G - a wand of scattershot (2)
   (You found it on level 7 of the Dungeon)
 I - a wand of iceblast (12)
   (You found it on level 7 of the Dungeon)
Scrolls
 k - 9 scrolls of remove curse
 m - a scroll of summoning {unknown}
 r - 4 scrolls of identify
 t - 9 scrolls of teleportation
 x - a scroll of torment
 y - a scroll of fog
 z - a scroll of blinking
 B - 5 scrolls of immolation
 C - 2 scrolls of magic mapping
 K - a scroll of vulnerability {unknown}
Potions
 b - a potion of magic {unknown}
 d - 6 potions of might
 j - 2 potions of berserk rage {unknown}
 n - a potion of resistance
 p - a potion of haste
 q - 2 potions of curing
 s - 2 potions of invisibility
 v - a potion of degeneration {unknown}
 w - 3 potions of heal wounds
 A - 2 potions of flight
 E - a potion of lignification
 J - a potion of ambrosia {unknown}
Comestibles
 e - 22 rations


   Skills:
 * Level 9.4 Fighting
 * Level 13.8 Axes
 + Level 10.5 Armour
 - Level 9.5 Shields
 + Level 9.4 Invocations


You had 11 spell levels left.
You didn't know any spells.
Your spell library was empty.

Dungeon Overview and Level Annotations

Branches:
Dungeon (9/15)             Temple (1/1) D:7            Lair (3/6) D:9
  Swamp (0/4) Lair:2          Orc (0/2) D:9         Volcano (1/1)
  Snake: Lair:2-4    Spider: Lair:2-4

Altars:
Ashenzari
Cheibriados
Dithmenos
Elyvilon
Fedhas
Gozag
Hepliaklqana
Kikubaaqudgha
Makhleb
Nemelex Xobeh
Okawaru
Qazlal
Ru
Sif Muna
Trog
Uskayaw
Vehumet
Wu Jian
Xom
Yredelemnul
Zin
The Shining One

Shops:
D:4 *   D:5 %


Innate Abilities, Weirdness & Mutations

You are resistant to damage.
You can heal yourself by infusing magical energy.
You passively map the area around you.
You do not regenerate.
You have large cloven feet.
You have a pair of small horns on your head.
You are partially covered in rugged brown scales. (AC +1, +3% HP)
Your mind is acute. (Int +2)


Message History

The sun demon is heavily wounded.
You block the sun demon's attack.
The red devil hits you but does no damage.
Unknown command.
You hit the sun demon but do no damage.
You kick the sun demon, but do no damage.
The sun demon is heavily wounded.
The sun demon hits you!
You are engulfed in flames!
* * * LOW HITPOINT WARNING * * *
You slash the sun demon!
You kick the sun demon, but do no damage.
The sun demon is heavily wounded.
The red devil hits you from afar with a +3 trident of flaming.
* * * LOW HITPOINT WARNING * * *
The red devil burns you.
* * * LOW HITPOINT WARNING * * *
The sun demon hits you!
* * * LOW HITPOINT WARNING * * *
You are engulfed in flames!!
You die...

, .. _ ,,...* , #... *
#### #... *
######..#### *#..#
###..........## #u.#
......≈≈......###
##..# ,
....≈≈§≈§......8###u.#
,,*
.§≈≈≈≈§§≈≈≈.....@344∩#
≈§≈≈≈§§§≈≈§§§..8###†.#
* ≈≈≈≈§§≈≈≈≈§§§..##
##..# *
≈≈≈≈≈§≈≈≈§§≈§..# #..#*
≈≈≈≈≈§≈≈≈§≈≈§....#
*#..#
≈§§≈≈≈≈≈≈§≈≈§.....# *
#... ,
§≈≈§≈≈≈≈≈≈§§≈§§...# ,
#... *
§§≈≈≈§≈§≈≈≈§§§§...# _,
,...
≈≈≈≈§§§≈§§§≈≈§....#
,,* ,,,


You could see a red ugly thing, a sun demon and 2 red devils.

Vanquished Creatures
  A hydra (Lair:1)
  Erica (D:8)
  6 death yaks (D:9)
  The ghost of Killmatronix the Slinger, a novice OpHu of Okawaru (D:8)
  Pikel (D:6)
  2 ugly things (Volcano)
  A black mamba (Lair:2)
  3 spiny frogs (Lair:2)
  3 komodo dragons
  2 tyrant leeches (Lair:2)
  A polar bear (Lair:2)
  A queen bee (Lair:2)
  8 blink frogs
  5 hippogriffs
  Sigmund (D:5)
  3 wyverns (Lair:2)
  2 steam dragons
  10 yaks
  4 basilisks
  5 fire bats (Volcano)
  Grum (D:9)
  3 water moccasins (Lair:2)
  5 porcupines
  5 orc warriors
  A sky beast (D:8)
  Duvessa (D:7)
  2 phantoms
  2 black bears (D:8)
  An ice beast (D:5)
  A slave (D:6)
  An ogre (D:7)
  6 wolves
  4 crocodiles
  3 centaurs
  A big kobold (D:9)
  9 bullfrogs
  Dowan (D:7)
  3 scorpions
  29 killer bees
  6 wights
  A howler monkey (D:6)
  2 crimson imps
  4 lava snakes (Volcano)
  A centaur zombie (D:6)
  A bullfrog zombie (D:8)
  A jelly (D:6)
  2 bullfrog skeletons
  9 orc priests
  7 orc wizards
  Jessica (D:3)
  A centaur skeleton (D:4)
  3 iguanas
  A hell rat (Lair:2)
  4 worker ants
  2 killer bee zombies
  A hound skeleton (D:4)
  Robin (D:2)
  7 gnolls
  A worker ant zombie (D:7)
  4 adders
  2 river rats (Lair:2)
  A shadow imp (D:7)
  2 adder skeletons
  3 worms
  A dart slug (D:2)
  2 leopard geckos
  29 orcs
  2 ball pythons (D:1)
  4 bats
  9 giant cockroaches
  13 goblins
  7 hobgoblins
  9 jackals
  14 kobolds
  2 quokkas
  4 frilled lizards
  A jackal zombie (D:7)
  A leopard gecko skeleton (D:5)
  2 leopard gecko zombies
  A quokka skeleton (D:6)
  3 rats
  2 fungi (Lair:2)
314 creatures vanquished.

Notes
Turn   | Place    | Note
-------+----------+-------------------------------------------
     0 | D:1      | Flugslaktarn the Deep Dwarf Fighter began the quest for the
                  | Orb.
     0 | D:1      | Reached XP level 1. HP: 20/20 MP: 1/1
   141 | D:1      | Reached XP level 2. HP: 25/27 MP: 2/2
   226 | D:2      | You fall into a shaft and drop 1 floor!
   232 | D:3      | Reached skill level 3 in Axes
   234 | D:3      | Reached XP level 3. HP: 27/33 MP: 3/3
   265 | D:3      | Noticed Jessica
   270 | D:3      | Killed Jessica
   335 | D:3      | Reached XP level 4. HP: 21/42 MP: 4/4
   424 | D:3      | Reached skill level 4 in Axes
   426 | D:3      | Reached XP level 5. HP: 43/49 MP: 5/5
   496 | D:2      | Found a shattered altar of Ashenzari.
   553 | D:2      | Noticed Robin
   560 | D:2      | Killed Robin
   820 | D:4      | Reached XP level 6. HP: 39/56 MP: 6/6
   977 | D:4      | Got a brightly glowing war axe
   978 | D:4      | Identified the +2 war axe "Jellybane" {elec, rC+ MR+
                  | Stlth+} (You found it on level 4 of the Dungeon)
  1025 | D:4      | Reached skill level 5 in Axes
  1042 | D:4      | Found Novrufykal's Needful Niceties.
  1168 | D:5      | Entered Level 5 of the Dungeon
  1282 | D:5      | Found a snail-covered altar of Cheibriados.
  1372 | D:5      | Found a hide-covered altar of Uskayaw.
  1372 | D:5      | Found an iron altar of Okawaru.
  1399 | D:5      | Noticed Sigmund
  1407 | D:5      | Killed Sigmund
  1407 | D:5      | Reached skill level 5 in Armour
  1407 | D:5      | Reached XP level 7. HP: 44/64 MP: 7/7
  1411 | D:5      | Found a blossoming altar of Fedhas.
  1430 | D:5      | Reached skill level 6 in Axes
  1430 | D:5      | Reached skill level 5 in Shields
  1472 | D:5      | Found Atij Ceo's Food Emporium.
  2065 | D:6      | Noticed a steam dragon
  2076 | D:6      | Killed a steam dragon
  2076 | D:6      | Reached skill level 7 in Axes
  2076 | D:6      | Reached XP level 8. HP: 39/73 MP: 8/8
  2127 | D:6      | Noticed Pikel
  2134 | D:6      | Killed Pikel
  2134 | D:6      | Reached skill level 5 in Fighting
  2134 | D:6      | Reached skill level 8 in Axes
  2249 | D:6      | Found a snail-covered altar of Cheibriados.
  2388 | D:6      | Gained mutation: You passively map the area around you.
                  | [Deep Dwarf growth]
  2388 | D:6      | Reached XP level 9. HP: 68/81 MP: 9/9
  2651 | D:7      | Noticed Duvessa
  2651 | D:7      | Noticed Dowan
  2657 | D:7      | Killed Duvessa
  2664 | D:7      | Killed Dowan
  2919 | D:7      | Found a staircase to the Ecumenical Temple.
  2996 | Temple   | Entered the Ecumenical Temple
  3184 | Temple   | Became a worshipper of Makhleb the Destroyer
  3438 | D:8      | Reached skill level 9 in Axes
  3444 | D:8      | Noticed Erica
  3449 | D:8      | Killed Erica
  3729 | D:8      | Reached skill level 10 in Axes
  3776 | D:8      | Reached * piety under Makhleb
  3779 | D:8      | Reached XP level 10. HP: 39/92 MP: 12/12
  3999 | D:8      | Found a runed translucent door.
  4001 | D:8      | Noticed Killmatronix's ghost (novice OpHu)
  4171 | D:8      | Killed Killmatronix's ghost
  4258 | D:9      | Noticed Grum
  4277 | D:9      | Killed Grum
  4330 | D:9      | Reached skill level 5 in Invocations
  4379 | D:9      | Found a staircase to the Orcish Mines.
  4421 | D:9      | Reached ** piety under Makhleb
  4594 | D:9      | Reached skill level 11 in Axes
  4665 | D:9      | Gained mutation: Your mind is acute. (Int +2) [potion of
                  | mutation]
  4665 | D:9      | Gained mutation: You have large cloven feet. [potion of
                  | mutation]
  4665 | D:9      | Gained mutation: You are partially covered in rugged brown
                  | scales. (AC +1, +3% HP) [potion of mutation]
  4665 | D:9      | Gained mutation: You have a pair of small horns on your
                  | head. [potion of mutation]
  4757 | D:9      | Noticed a death yak
  4758 | D:9      | Found a staircase to the Lair.
  4758 | D:9      | Noticed a death yak
  4758 | D:9      | Noticed a death yak
  4758 | D:9      | Noticed a death yak
  4758 | D:9      | Noticed a death yak
  4759 | D:9      | Noticed a death yak
  4776 | D:9      | Killed a death yak
  4783 | D:9      | Killed a death yak
  4789 | D:9      | Killed a death yak
  4789 | D:9      | Reached XP level 11. HP: 66/103 MP: 14/14
  4797 | D:9      | Killed a death yak
  4808 | D:9      | Killed a death yak
  4824 | D:9      | Killed a death yak
  5140 | Lair:1   | Entered Level 1 of the Lair of Beasts
  5199 | Lair:1   | Noticed an eight-headed hydra
  5215 | Lair:1   | Killed an 11-headed hydra
  5215 | Lair:1   | Reached skill level 12 in Axes
  5474 | Lair:1   | Reached *** piety under Makhleb
  5848 | Lair:2   | Reached XP level 12. HP: 114/114 MP: 17/17
  5871 | Lair:2   | Reached skill level 13 in Axes
  5946 | Lair:2   | Reached **** piety under Makhleb
  6088 | Lair:2   | Reached skill level 10 in Armour
  6536 | Lair:2   | Found a staircase to the Swamp.
  6863 | Lair:3   | Found a dark tunnel.
  6883 | Volcano  | Entered a volcano
  7011 | Volcano  | HP: 4/118 [sun demon (13)]
  7011 | Volcano  | Mangled by a sun demon

Levels and vault maps discovered:
D:1:      dpeg_arrival_simpleton_a, layout_basic
D:2:      minmay_evil_eye, layout_loops_ring, old_standard_altar, first_ration,
          uniq_robin
D:3:      layout_basic, uniq_jessica, uniq_grinder, uniq_terence
D:4:      layout_rooms, hangedman_abyss_or_decor_stagger, nicolae_alphabet_shops
D:5:      layout_loops_ring, cheibrodos_worm_habitat,
          chequers_temple_overflow_statue_of_worship, basic_altar, serial_shops,
          nicolae_shop_statue_plus, st_stairs_7, uniq_sigmund
D:6:      lemuel_upstairs_altar, layout_gridville, basic_altar, uniq_pikel
D:7:      layout_loops_cross, minmay_temple_entry_offerings, grunt_ogre_cave,
          uniq_duvessa
D:8:      layout_loops_ring, ebering_ghost_reflecting_pool,
          kennysheep_windowed_goal, uniq_erica
D:9:      layout_basic, dpeg_lair_monsters, david_orc_3, uniq_grum
Temple:   dpeg_five_rooms_temple
Lair:1:   layout_roguey
Lair:2:   regret_index_tunnel_blossom, layout_long_grid,
          minmay_swamp_entry_worms, nicolae_lair_grove_arrangements
Lair:3:   layout_gridlike, nicolae_volcano_entry_hallway, lemuel_oklob_altar
Volcano:  volcano_grotto [vgs_dualism]

Skill      XL: |  1  2  3  4  5  6  7  8  9 10 11 12 |
---------------+-------------------------------------+-----
Axes           | 3 4 5 7 8 10 11 12 13 | 13.8
Fighting       | 3 4 5 6 7 8 9 |  9.4
Armour         | 4 5 6 7 8 9 10 | 10.5
Shields        | 4 5 6 7 8 9 |  9.5
Invocations    | 3 6 8 9 |  9.4

Action                   |  1- 3 |  4- 6 |  7- 9 | 10-12 || total
-------------------------+-------+-------+-------+-------++-------
Melee: War axe           |    66 |   168 |   209 |   562 ||  1005
       Kick              |       |       |       |   125 ||   125
       Headbutt          |       |       |       |    69 ||    69
 Abil: Heal Wounds       |       |     1 |     3 |    13 ||    17
Evoke: Wand              |       |       |       |     3 ||     3
  Use: Scroll            |       |     9 |       |    13 ||    22
       Potion            |       |       |       |     1 ||     1
 Stab: Distracted        |       |       |       |     1 ||     1
  Eat: Chunk             |       |     2 |     8 |    11 ||    21
Armor: Scale mail        |    26 |       |       |       ||    26
       Plate armour      |    16 |   150 |    15 |       ||   181
       Chain mail        |       |       |    91 |   287 ||   378
Dodge: Dodged            |    17 |    32 |    39 |   136 ||   224
Block: Kite shield       |    38 |   112 |   121 |   349 ||   620

Table legend:
 A = Non-vault XP
 B = Vault XP
 C = Vault XP percentage of total XP
 D = Non-vault monster count
 E = Vault monster count
 F = Vault count percentage of total count
                 A         B        C        D         E       F
            +---------+---------+-------+---------+---------+-------
      Total |   14643 |   17377 |  54.3 |     212 |      99 |  31.8
            +---------+---------+-------+---------+---------+-------
        D:1 |      12 |       0 |   0.0 |       7 |       0 |   0.0
        D:2 |      51 |      39 |  43.3 |      17 |      13 |  43.3
        D:3 |     157 |      37 |  19.1 |      30 |       1 |   3.2
        D:4 |     240 |       0 |   0.0 |      10 |       0 |   0.0
        D:5 |     300 |     232 |  43.6 |      11 |       2 |  15.4
        D:6 |    1181 |     641 |  35.2 |      23 |       1 |   4.2
        D:7 |     179 |     332 |  65.0 |      10 |       3 |  23.1
        D:8 |    1842 |    1701 |  48.0 |      29 |       2 |   6.5
        D:9 |    1427 |    6144 |  81.2 |      36 |      18 |  33.3
     Lair:1 |    4106 |       0 |   0.0 |      18 |       0 |   0.0
     Lair:2 |    4781 |    5947 |  55.4 |      20 |      48 |  70.6
     Lair:3 |     367 |       0 |   0.0 |       1 |       0 |   0.0
    Volcano |       0 |    2304 | 100.0 |       0 |      11 | 100.0
            +---------+---------+-------+---------+---------+-------
